 Dungeon Crawl Stone Soup version 0.21-a0-142-gdd972a7 (webtiles) character file.

97 tilp the Firebug (level 4, -18/33 HPs)
             Began as a Hill Orc Fire Elementalist on July 22, 2017.
             Killed from afar by an orc wizard (21 damage)
             ... with an exploding inner flame
             ... hexed by the player character
             ... on level 3 of the Dungeon.
             The game lasted 00:07:55 (3038 turns).

tilp the Firebug (Hill Orc Fire Elementalist)       Turns: 3038, Time: 00:07:56

Health: -18/33     AC:  8    Str: 15    XL:     4   Next: 68%
Magic:  2/7        EV: 12    Int: 16    God:
Gold:   148        SH:  0    Dex: 13    Spells: 1/7 levels left

rFire    + . .     SeeInvis .   q - +2 hand axe (drain)
rCold    + . .     Gourm    .   (no shield)
rNeg     . . .     Faith    .   v - +0 leather armour
rPois    +         Spirit   .   (no helmet)
rElec    +         Reflect  .   (no cloak)
rCorr    +         Harm     .   d - +1 pair of gloves
MR       .....                  i - +2 pair of boots
Stlth    ++........             (no amulet)
HPRegen  0.11/turn              (no ring)
MPRegen  0.10/turn              (no ring)

@: mighty, resistant, very slightly contaminated, hasted and slowed
A: agile 1, blurry vision 1, MP-powered wands
a: Convert to Beogh


You were on level 3 of the Dungeon.
You were not hungry.

You visited 1 branch of the dungeon, and saw 3 of its levels.

You collected 148 gold pieces.

Inventory:

Hand Weapons
 q - a +2 hand axe of draining (weapon)
Missiles
 f - 68 stones (quivered)
Armour
 d - a +1 pair of gloves (worn)
 i - a +2 pair of boots (worn)
 v - a +0 leather armour (worn)
Scrolls
 l - a scroll of enchant armour
 m - a scroll of immolation
 o - a scroll of enchant weapon {unknown}
 p - a scroll of identify {unknown}
 s - a scroll of teleportation {unknown}
Books
 b - a book of Flames

   Spells                             Type                      Level
   a - Flame Tongue                   Conjuration/Fire             1
   b - Throw Flame                    Conjuration/Fire             2
   c - Conjure Flame                  Conjuration/Fire             3
   d - Inner Flame                    Hexes/Fire                   3
   e - Sticky Flame                   Conjuration/Fire             4
   f - Fireball                       Conjuration/Fire             5
Comestibles
 c - a bread ration
 k - 2 meat rations
 n - 29 fruits


   Skills:
 - Level 1.5 Dodging
 - Level 1.5 Stealth
 - Level 2.1 Spellcasting
 * Level 3.2 Conjurations
 + Level 4.1 Fire Magic


You had one spell level left.
You knew the following spells:

 Your Spells              Type           Power        Failure   Level  Hunger
a - Flame Tongue          Conj/Fire      ##...        5%          1    #......
b - Throw Flame           Conj/Fire      ##....       9%          2    ###....
c - Conjure Flame         Conj/Fire      ##......     17%         3    ###....


Dungeon Overview and Level Annotations

Branches:
Dungeon (3/15)

Altars:
Fedhas
Hepliaklqana
Ru
Uskayaw
Vehumet
Wu Jian
Zin
The Shining One


Innate Abilities, Weirdness & Mutations

You are agile. (Dex +2)
Scrolls take you a little longer to read.
You expend magic power (3 MP) to strengthen your wands.


Message History

You barely miss the orc wizard.
The orc wizard is heavily wounded.
The orc priest threatens, "By the altar or by the axe, you will meet Beogh!"
You hit the orc priest but do no damage.
The orc wizard casts a spell.
The orc wizard blinks!
The orc priest shouts, "Join the one true god or die!"
The orc priest hits you with a mace of protection.
The orc wizard casts a spell.
The orc wizard seems to speed up.
The orc priest mumbles some strange prayers to Beogh against you.
Beogh smites you!
* * * LOW HITPOINT WARNING * * *
The orc wizard hits you but does no damage.
The orc priest threatens, "By the altar or by the axe, you will meet Beogh!"
You slash the orc wizard!
The orc wizard explodes!
The fiery explosion engulfs you! You resist.
Ouch! That really hurt!
You die...

..########.# #
#..........###
###
#.#####.#####.
..# .# #.## ##.
#. #.# .#
#..###..
#.#####.# .#
##.##..)
......#.# .#
#.#....
≈≈≈≈≈.#§#####.#
#....._ ≈.
#≈..§§@.o.o#
###.... ≈.≈
#≈.#§#####)#
##...
≈.≈###≈...# .#
##..
≈.≈≈≈≈≈...# o#
##. ..........#
o# #.
≈.≈≈≈≈≈)### [#
#######
≈.≈###≈.# ##
#...... ≈.≈
#≈.### #.#####
≈.≈###≈...# #
#.#


You could see an orc priest (inner flame) and an orc (inner flame).

Vanquished Creatures
  2 adders
  A worm (D:2)
  2 dart slugs
  2 leopard geckos
  2 orcs (D:3)
  A ball python (D:3)
  7 bats
  12 goblins
  12 hobgoblins
  3 jackals (D:2)
  9 kobolds
  A quokka (D:3)
  5 frilled lizards
  2 rats (D:1)
61 creatures vanquished.

Notes
Turn   | Place    | Note
-------+----------+-------------------------------------------
     0 | D:1      | tilp the Hill Orc Fire Elementalist began the quest for the Orb.
     0 | D:1      | Reached XP level 1. HP: 14/14 MP: 3/3
   199 | D:1      | Reached XP level 2. HP: 5/20 MP: 1/5
   207 | D:1      | Learned a level 2 spell: Throw Flame
   928 | D:1      | Reached XP level 3. HP: 20/26 MP: 2/6
   987 | D:1      | Learned a level 3 spell: Conjure Flame
  1951 | D:2      | Reached XP level 4. HP: 33/33 MP: 7/7
  2129 | D:2      | Reached skill level 4 in Fire Magic
  2463 | D:2      | Found a glowing golden altar of the Shining One.
  2493 | D:3      | Found an ornate altar of the Wu Jian Council.
  2581 | D:3      | Found a glowing silver altar of Zin.
  2581 | D:3      | Found a hide-covered altar of Uskayaw.
  2581 | D:3      | Found a blossoming altar of Fedhas.
  2581 | D:3      | Found a hazy altar of Hepliaklqana.
  2591 | D:3      | Found a radiant altar of Vehumet.
  2591 | D:3      | Found a sacrificial altar of Ru.
  3030 | D:3      | Gained mutation: You expend magic power (3 MP) to strengthen your wands. [potion of mutation]
  3030 | D:3      | Gained mutation: Scrolls take you a little longer to read. [potion of mutation]
  3030 | D:3      | Gained mutation: You are agile. (Dex +2) [potion of mutation]
  3038 | D:3      | Killed from afar by an orc wizard

Vault maps used:
D:1:      shiori_arrival_oz, minmay_close_crescents
D:2:      dk_vineyard_1, nrook_mini_vaults, st_stairs_9,
          mrwooster_statue_mirror, tso_altar
D:3:      lemuel_round_altar, elyvilon_altar_5, minmay_overflow_temple_hex,
          kennysheep_boxes

Skill      XL: |  1  2  3  4 |
---------------+-------------+-----
Spellcasting   | 2 |  2.1
Conjurations   | 2 3 |  3.2
Fire Magic     | 4 |  4.1
Dodging        | |  1.5
Stealth        | |  1.5

Action                   |  1- 3 |  4- 6 || total
-------------------------+-------+-------++-------
Melee: Club              |    13 |       ||    13
       Dagger            |    71 |    65 ||   136
       Unarmed           |     5 |       ||     5
       Hand axe          |       |     7 ||     7
 Cast: Flame Tongue      |    42 |    20 ||    62
       Throw Flame       |     4 |     1 ||     5
  Use: Potion            |       |     6 ||     6
       Scroll            |       |     2 ||     2
 Stab: Sleeping          |     2 |       ||     2
  Eat: Chunk             |     4 |     4 ||     8
Armor: Robe              |    21 |    15 ||    36
       Leather armour    |       |    13 ||    13
Dodge: Dodged            |    52 |    51 ||   103
